AoeStats
← fat_dgk

Oasis

508141623Analyzed
4v4 RM · 11d ago on Sep 21, 2026· 32m 36s· 8 players
Game mode
Random Map
Map size
Large (8 player)
Population
200
Speed
Normal
Resources
Standard
Victory
Conquest
Starting age
Dark Age
Ending age
Imperial Age
RankedLock teamsTeams togetherTeam positionsShared explorationLock speedFull tech treeHidden civsTurbo modeCheats
Victory
Defeat
🇧🇷 Magyars · Brazil
1201
+13
🇨🇱 Bohemians · Chile
1179
+14
🇵🇪 Mongols · Peru
1145
+16
🇺🇸 Jurchens · United States
1116
+18
🇨🇳 Japanese · China
1207
-17
🇨🇳 Huns · China
1153
-16
🇨🇳 Persians · China
1108
-14
🇨🇳 Bengalis · China
1103
-14
w
11:14 Feudal Age
10:22 Loom
15:26 Double-Bit Axe
19:16 Castle Age
18:32 Wheelbarrow
18:05 Padded Archer Armor
23:57 Bow Saw
24:45 Horse Collar
25:01 Stone Mining
25:13 Fletching
25:39 Leather Archer Armor
25:31 Scale Barding Armor
27:18 Bodkin Arrow
29:29 Hand Cart
29:20 Gold Mining
run
6:38 Loom
7:19 Loom
9:46 Feudal Age
10:29 Double-Bit Axe
10:26 Horse Collar
19:07 Castle Age
23:08 Bow Saw
26:58 Guard Tower
27:31 Fletching
29:02 Wheelbarrow
30:31 Gold Mining
30:31 Stone Mining
31:11 Fortified Wall
31:14 Masonry
35:21 Imperial Age
丧心病狂
11:56 Feudal Age
16:03 Castle Age
15:02 Double-Bit Axe
17:13 Loom
31:37 Bow Saw
ssseeing
3:17 Loom
sigmund fraud
7:36 Loom
10:12 Feudal Age
10:41 Double-Bit Axe
10:39 Horse Collar
21:18 Castle Age
20:52 Gold Mining
21:15 Scale Mail Armor
21:25 Forging
22:08 Bloodlines
22:47 Husbandry
24:12 Heavy Plow
24:25 Bow Saw
25:51 Wheelbarrow
30:04 Hand Cart
34:42 Imperial Age
32:52 Gold Shaft Mining
32:10 Stone Mining
fat_dgk
4:53 Loom
16:46 Feudal Age
20:46 Castle Age
18:56 Double-Bit Axe
19:34 Horse Collar
22:25 Bow Saw
22:59 Fervor
24:31 Town Watch
26:42 Wheelbarrow
32:06 Hand Cart
35:03 Imperial Age
33:59 Chemistry
Mine Grote
3:46 Loom
12:02 Feudal Age
16:52 Castle Age
15:28 Double-Bit Axe
17:03 Wheelbarrow
18:17 Horse Collar
23:29 Fletching
25:30 Gold Mining
28:11 Heavy Plow
32:23 Imperial Age
30:19 Husbandry
31:23 Bow Saw
31:27 Stone Mining
32:17 Bloodlines
32:03 Bodkin Arrow
32:30 Ballistics
32:15 Town Watch
32:51 Padded Archer Armor
33:35 Gold Shaft Mining
nborgesfilho
5:37 Loom
9:00 Feudal Age
22:29 Castle Age
20:37 Double-Bit Axe
20:33 Horse Collar
23:41 Bow Saw
23:33 Heavy Plow
24:31 Fletching
25:53 Bodkin Arrow
27:10 Ballistics
27:05 Padded Archer Armor
27:33 Thumb Ring
32:29 Wheelbarrow
32:09 Town Watch
Connection lost

Rejoining the realm…

Still unreachable

The connection could not be restored.

Session expired

The server has moved on; the page needs a fresh start.